 Dungeon Crawl Stone Soup version 0.18-a0-1560-ge216ca8 (webtiles) character file.

203 namelastname112 the Sneak (level 5, 0/45 HPs)
             Began as a Draconian Assassin on Mar 12, 2016.
             Slain by an adder (1 damage)
             ... on level 3 of the Dungeon.
             The game lasted 00:05:23 (2435 turns).

namelastname112 the Sneak (Draconian Assassin)      Turns: 2435, Time: 00:05:24

Health: 0/45       AC:  6    Str: 10 (13) XL:     5   Next: 51%
Magic:  5/5        EV: 12    Int: 10 (12) God:
Gold:   74         SH:  0    Dex: 12 (13) Spells: 0 memorised, 4 levels left

rFire  . . .     SeeInvis .     a - +2 dagger
rCold  . . .     Gourm    .     (armour unavailable)
rNeg   . . .     Faith    .     (no shield)
rPois  .         Spirit   .     (helmet restricted)
rElec  .         Dismiss  .     c - +0 cloak
rCorr  +         Reflect  .     (no gloves)
SustAt .         Harm     .     (no boots)
MR     .....     Rnd*Tele +     (no amulet)
Stlth  ++........               y - ring of resist corrosion
                                n - ring of teleportation

@: very slightly contaminated, not resistant to hostile enchantments, unstealthy
A: unfitting armour, cold-blooded, AC +5
a: no special abilities


You were on level 3 of the Dungeon.
You were near starving.

You visited 1 branch of the dungeon, and saw 5 of its levels.

You collected 74 gold pieces.

Inventory:

Hand Weapons
 a - a +2 dagger (weapon)
 b - a +0 blowgun
Missiles
 d - 5 poisoned needles
 e - 2 curare-tipped needles
 u - a tomahawk (quivered)
Armour
 c - a +0 cloak (worn)
 t - a +0 buckler
Jewellery
 n - a ring of teleportation (left hand)
 y - a ring of resist corrosion (right hand)
Scrolls
 h - 6 scrolls of identify {unknown}
 j - 4 scrolls of remove curse
 l - a scroll of amnesia {unknown}
 m - a scroll of enchant weapon {unknown}
 o - a scroll of enchant armour {unknown}
 q - 2 scrolls of teleportation
Potions
 i - a potion of flight {unknown}
 k - 3 potions of degeneration
 v - a potion of lignification {unknown}
 w - a potion of magic {unknown}
 z - 2 potions of agility {unknown}
Comestibles
 f - 2 bread rations
 r - a slice of pizza
 s - a beef jerky
 x - a meat ration


   Skills:
 + Level 3.3 Fighting
 * Level 3.5 Short Blades
 + Level 2.4 Throwing
 + Level 1.9 Dodging
 * Level 4.5 Stealth


You had 4 spell levels left.
You didn't know any spells.

Dungeon Overview and Level Annotations

Branches:
Dungeon (5/15)
 Temple: D:4-7

Altars:
Gozag
Makhleb
Pakellas
Sif Muna

Annotations:
D:4 Bubs's ghost, amateur VSAs
D:5 Duvessa; Eustachio; Grinder; Sigmund


Innate Abilities, Weirdness & Mutations

Your plain brown scales are hard (AC +5).
Your body does not fit into most forms of armour.
You are cold-blooded and may be slowed by cold attacks.


Message History

Found a leather armour.
A worm comes into view.
The adder bites you but does no damage. Bubs's ghost hits you!
* * * LOW HITPOINT WARNING * * *
Read which item? (? for menu, Esc to quit)
Okay, then.
The adder completely misses you.
There is an escape hatch in the ceiling here.
The adder bites you.
* * * LOW HITPOINT WARNING * * *
A mysterious force pulls you upwards. The hatch slams shut behind you.
Firing (i - inventory. (,) - cycle):
d - 6 poisoned needles (quivered)
Press: ? - help, Shift-Dir - straight line, f - adder
Aim: an adder (almost dead, poisoned)
You shoot a poisoned needle.
The poisoned needle closely misses the adder.
The adder closely misses you.
a - a +2 dagger (weapon)
The adder bites you.
You die...

#... ##.## #..##
########## ####)###
#........###....###
#............#####.
#.........######...
#S.......#####...#.
#.@..)..........#..
#........####.#...#
#........# #..###.#
#........###.## #..
#.......<##..# ##..
#........##.####...
##########..###....
#########..###.....
#........<###......


You could see an adder.

Vanquished Creatures
  A scorpion (D:4)
  Crazy Yiuf (D:3)
  A worker ant (D:4)
  4 adders
  2 worms (D:2)
  4 giant geckos
  4 orcs (D:4)
  4 bats
  2 giant cockroaches
  5 goblins
  8 hobgoblins
  6 jackals
  A quokka (D:3)
  A giant gecko skeleton (D:4)
  2 giant newts (D:1)
  3 kobolds
  A rat (D:1)
50 creatures vanquished.

Notes
Turn   | Place    | Note
--------------------------------------------------------------
     0 | D:1      | namelastname112 the Draconian Assassin began the quest for the Orb.
     0 | D:1      | Reached XP level 1. HP: 17/17 MP: 1/1
   176 | D:1      | Reached skill level 1 in Dodging
   335 | D:1      | Reached XP level 2. HP: 25/25 MP: 2/2
   943 | D:2      | Reached XP level 3. HP: 16/30 MP: 3/3
  1122 | D:2      | Found a deep blue altar of Sif Muna.
  1163 | D:2      | Found a faded altar to an unknown god.
  1286 | D:2      | Found a burning altar of Makhleb.
  1835 | D:3      | Reached skill level 4 in Stealth
  1835 | D:3      | Reached XP level 4. HP: 35/38 MP: 4/4
  1888 | D:3      | Found an oddly glowing altar of Pakellas.
  1898 | D:3      | Found an opulent altar of Gozag.
  2084 | D:3      | Noticed Crazy Yiuf
  2110 | D:3      | Killed Crazy Yiuf
  2171 | D:4      | Noticed Bubs's ghost (amateur VSAs)
  2211 | D:4      | Reached XP level 5. HP: 45/45 MP: 5/5
  2360 | D:5      | Entered Level 5 of the Dungeon
  2365 | D:5      | Noticed Eustachio
  2379 | D:5      | Noticed an ogre
  2387 | D:5      | Noticed Sigmund
  2397 | D:5      | Noticed Duvessa
  2402 | D:5      | Noticed a centaur
  2408 | D:5      | Noticed Grinder
  2408 | D:5      | Paralysed by Grinder for 5 turns
  2432 | D:4      | HP: 1/45 [adder (4)]
  2435 | D:3      | Slain by an adder

Vault maps used:
D:1:      tarquinn_simple_flora_water_b, st_stairs_6
D:2:      led_sif_pool, lemuel_doored_altar, ecumenical_altar_2, first_bread
D:3:      grunt_temple_overflow_open, uniq_crazy_yiuf_cottage
D:4:      lightli_temple_of_fire, temple_pool_a
D:5:      uniq_eustachio, uniq_duvessa, uniq_sigmund, uniq_grinder

Skill      XL: |  1  2  3  4 |
---------------+-------------+-----
Dodging        | 1 |  1.9
Throwing       | 2 |  2.4
Fighting       | 3 |  3.3
Stealth        | 4 |  4.5
Short Blades   | 3 |  3.5

Action                   |  1- 3 |  4- 6 || total
-------------------------+-------+-------++-------
Melee: Dagger            |    96 |    59 ||   155
 Fire: Blowgun           |     3 |    10 ||    13
  Use: Scroll            |       |     4 ||     4
       Potion            |       |     4 ||     4
 Stab: Sleeping          |    10 |     2 ||    12
  Eat: Chunk             |     3 |       ||     3
